 Dungeon Crawl Stone Soup version 0.30-a0-141-g30f27751c5 (webtiles) character file.

Game seed: 14995602465435575271

2585 qw the Cleaver (level 9, -10/55 HPs)
             Began as a Gargoyle Fighter on Sept 24, 2022.
             Killed from afar by an acid dragon (16 damage)
             ... with a splash of acid
             ... on level 7 of the Dungeon.
             The game lasted 00:02:37 (7194 turns).

qw the Cleaver (Gargoyle Fighter)                   Turns: 7194, Time: 00:02:38

Health: -10/55     AC: 11    Str: 23    XL:     9   Next: 58%
Magic:  9/9        EV:  6    Int: 10    God:
Gold:   297        SH:  4    Dex:  9    Spells: 8/8 levels left

rFire   . . .      SeeInvis .    Y - +1 war axe
rCold   . . .      Faith    .    c - +0 buckler
rNeg    + + .      Spirit   .    j - +0 plate armour
rPois   inf        Reflect  .    b - +0 helmet
rElec   +          Harm     .    (no cloak)
rCorr   .          Rampage  .    (no gloves)
Will    .....                    (no boots)
Stlth   ..........               (no amulet)
HPRegen 0.18/turn                i - ring of positive energy
MPRegen 0.11/turn                (no ring)

@: corroded
A: sickness immunity, AC +6, negative energy resistance 1, electricity
resistance, torment resistance 1, petrification resistance
a: no special abilities


You were on level 7 of the Dungeon.
You visited 1 branch of the dungeon, and saw 7 of its levels.

You collected 297 gold pieces.


Innate Abilities, Weirdness & Mutations

You are immune to sickness and miasma.
Your stone body is resilient. (AC +6)
You are immune to poison.
You resist negative energy. (rN+)
You are resistant to electric shocks. (rElec)
You are resistant to unholy torment.
You are immune to petrification.


   Skills:
 - Level 6.0 Fighting
 - Level 12.9 Axes
 - Level 3.5 Throwing
 - Level 5.1 Armour
 - Level 1.0 Dodging
 + Level 3.7 Shields


You had 8 spell levels left.
You didn't know any spells.
Your spell library was empty.

Inventory:

Hand Weapons
 p - a +1 flail of protection
 Y - a +1 war axe (weapon)
Armour
 b - a +0 helmet (worn)
 c - a +0 buckler (worn)
 j - a +0 plate armour (worn)
Jewellery
 i - a ring of positive energy (left hand)
 n - a ring of fire
Wands
 g - a wand of digging (5)
Scrolls
 h - 3 scrolls of identify
Potions
 a - 2 potions of cancellation
 d - 2 potions of might
 e - a potion of haste
 f - 3 potions of resistance
 k - 3 potions of lignification

Dungeon Overview and Level Annotations

Branches:
Dungeon (7/15)
 Temple: D:4-7

Altars:
Ashenzari
Dithmenos
Nemelex Xobeh
Qazlal


Message History

You barely miss the acid dragon.
The acid dragon is moderately wounded.
The acid dragon spits acid at you. The splash of acid hits you!!
The acid corrodes you!
You barely miss the acid dragon.
The acid dragon is moderately wounded.
The acid dragon bites you!
The acid dragon claws you but does no damage.
You hit the acid dragon.
The acid dragon is heavily wounded.
You closely miss the acid dragon.
The acid dragon is heavily wounded.
You block the acid dragon's attack. x2
You completely miss the acid dragon.
The acid dragon is heavily wounded.
The acid dragon bites you but does no damage.
The acid dragon claws you but does no damage.
You barely miss the acid dragon.
The acid dragon is heavily wounded.
The acid dragon bites you. The acid dragon claws you.
You barely miss the acid dragon.
The acid dragon is heavily wounded.
You block the acid dragon's attack.
The acid dragon claws you but does no damage.
You closely miss the acid dragon.
The acid dragon is heavily wounded.
The acid dragon spits acid at you. The splash of acid hits you!
The acid corrodes you!
You hit the acid dragon but do no damage.
The acid dragon is heavily wounded.
The acid dragon barely misses you. The acid dragon closely misses you.
You hit the acid dragon.
The acid dragon is heavily wounded.
The acid dragon bites you but does no damage.
The acid dragon claws you but does no damage.
You hit the acid dragon but do no damage.
The acid dragon is heavily wounded.
The acid dragon spits acid at you. The splash of acid hits you!
You die...

#############
#...........######
#.#########.......
#@# ######.# #D#
#####... #.#
#......... #!#
#.#####... ...
#.... ... #....#
.#. ......# #. .#
##.:...# ........


You could see an acid dragon (catching breath).

Vanquished Creatures
  Grinder (D:3)
  Menkaure (D:4)
  A steam dragon (D:6)
  A black bear (D:5)
  An ogre (D:6)
  2 centaurs (D:6)
  Blork the orc (D:4)
  3 necrophages
  A jelly (D:5)
  A howler monkey (D:6)
  3 hounds
  A gnoll bouda (D:4)
  Jessica (D:3)
  Ijyb (D:4)
  2 iguanas
  4 orc wizards
  Robin (D:3)
  12 gnolls
  8 adders
  3 shadow imps
  2 dart slugs
  17 orcs
  9 endoplasms
  2 giant cockroaches (D:4)
  20 goblins
  9 hobgoblins
  A jackal (D:2)
  4 quokkas
  8 ball pythons
  3 bats
  5 frilled lizards
  7 kobolds
  4 rats
140 creatures vanquished.

Notes
Turn   | Place    | Note
-------+----------+-------------------------------------------
     0 | D:1      | qw the Gargoyle Fighter began the quest for the Orb.
     0 | D:1      | Reached XP level 1. HP: 14/14 MP: 1/1
     0 | D:1      | 0 ||| qw: Version: 0.1.0-9-gbc19398
     0 | D:1      | 0 ||| qw: Game counter: 52
     0 | D:1      | 0 ||| qw: Always use a shield: true
     0 | D:1      | 0 ||| qw: God list: Okawaru
     0 | D:1      | 0 ||| qw: Allow faded altars: false
     0 | D:1      | 0 ||| qw: Do Orc after D:15 true
     0 | D:1      | 0 ||| qw: Do second Lair branch before Depths: true
     0 | D:1      | 0 ||| qw: Lair rune preference: random
     0 | D:1      | 0 ||| qw: Plans: Normal, Zot:1-4, God:TSO, Crypt, Tomb,
                  | Pan, Slime:5, Hells, Abyss, Orb
     0 | D:1      | 0 ||| PLANNING D:1-11
    79 | D:1      | Reached skill level 2 in Axes
   151 | D:1      | HP: 2/14 [frozen (4)]
   153 | D:1      | Reached XP level 2. HP: 3/19 MP: 2/2
   486 | D:1      | 486 ||| Stepping ~*~*~tactically~*~*~ (stealth).
   494 | D:1      | Found a faded altar of an unknown god.
   516 | D:1      | 516 ||| DROPPING +0 club.
   540 | D:1      | Reached skill level 3 in Axes
   714 | D:1      | Reached XP level 3. HP: 23/23 MP: 3/3
   734 | D:1      | 734 ||| READING scroll labelled GUSEMN UVESHE.
   735 | D:1      | 735 ||| READING 2 scrolls labelled MIDIAH TEOHU.
   905 | D:2      | 905 ||| Stepping ~*~*~tactically~*~*~ (hiding).
   906 | D:2      | 906 ||| Stepping ~*~*~tactically~*~*~ (hiding).
  1519 | D:2      | 1519 ||| Stepping ~*~*~tactically~*~*~ (stealth).
  1618 | D:2      | 1618 ||| READING 3 scrolls labelled COQILEROATZ.
  1795 | D:2      | 1795 ||| READING 3 scrolls labelled YMAERE FAMM.
  1796 | D:2      | 1796 ||| DRINKING 3 bubbling cyan potions.
  1800 | D:2      | 1800 ||| DRINKING 2 black potions.
  1801 | D:2      | 1801 ||| READING 2 scrolls of identify.
  1801 | D:2      | 1801 ||| IDENTIFYING pink potion
  1802 | D:2      | 1802 ||| DROPPING 2 potions of ambrosia.
  1803 | D:2      | 1803 ||| DROPPING 2 scrolls of vulnerability.
  1804 | D:2      | 1804 ||| READING 2 scrolls of teleportation.
  1858 | D:2      | 1858 ||| READING scroll of teleportation.
  1945 | D:2      | Reached XP level 4. HP: 28/28 MP: 4/4
  1963 | D:2      | 1963 ||| READING 2 scrolls of identify.
  1963 | D:2      | 1963 ||| IDENTIFYING murky yellow potion
  1964 | D:2      | 1964 ||| Stepping randomly (stuck).
  1966 | D:2      | 1966 ||| Stepping randomly (stuck).
  1976 | D:2      | 1976 ||| Stepping randomly (stuck).
  1977 | D:2      | 1977 ||| Stepping randomly (stuck).
  1984 | D:2      | 1984 ||| Stepping randomly (stuck).
  1985 | D:2      | 1985 ||| Stepping randomly (stuck).
  1986 | D:2      | 1986 ||| Stepping randomly (stuck).
  1988 | D:2      | 1988 ||| Stepping randomly (stuck).
  1990 | D:2      | 1990 ||| Stepping randomly (stuck).
  1991 | D:2      | 1991 ||| Stepping randomly (stuck).
  1992 | D:2      | 1992 ||| Stepping randomly (stuck).
  2317 | D:3      | 2317 ||| Stepping ~*~*~tactically~*~*~ (hiding).
  2318 | D:3      | 2318 ||| Stepping ~*~*~tactically~*~*~ (hiding).
  2397 | D:3      | 2397 ||| Stepping ~*~*~tactically~*~*~ (stealth).
  2467 | D:3      | Noticed Jessica
  2468 | D:3      | 2468 ||| FLEEEEING.
  2469 | D:3      | 2469 ||| FLEEEEING.
  2470 | D:3      | 2470 ||| FLEEEEING.
  2474 | D:3      | 2474 ||| FLEEEEING.
  2476 | D:3      | 2476 ||| FLEEEEING.
  2477 | D:3      | 2477 ||| FLEEEEING.
  2478 | D:3      | 2478 ||| FLEEEEING.
  2479 | D:3      | 2479 ||| FLEEEEING.
  2495 | D:3      | 2495 ||| FLEEEEING.
  2496 | D:3      | 2496 ||| FLEEEEING.
  2497 | D:3      | 2497 ||| FLEEEEING.
  2498 | D:3      | 2498 ||| FLEEEEING.
  2499 | D:3      | 2499 ||| FLEEEEING.
  2500 | D:3      | 2500 ||| FLEEEEING.
  2501 | D:3      | 2501 ||| FLEEEEING.
  2502 | D:3      | 2502 ||| FLEEEEING.
  2503 | D:3      | 2503 ||| FLEEEEING.
  2504 | D:3      | 2504 ||| FLEEEEING.
  2505 | D:3      | 2505 ||| FLEEEEING.
  2506 | D:3      | 2506 ||| FLEEEEING.
  2507 | D:3      | 2507 ||| FLEEEEING.
  2508 | D:3      | 2508 ||| FLEEEEING.
  2509 | D:3      | 2509 ||| FLEEEEING.
  2510 | D:3      | 2510 ||| FLEEEEING.
  2511 | D:3      | 2511 ||| FLEEEEING.
  2512 | D:3      | 2512 ||| FLEEEEING.
  2513 | D:3      | 2513 ||| FLEEEEING.
  2514 | D:3      | 2514 ||| FLEEEEING.
  2515 | D:3      | 2515 ||| FLEEEEING.
  2516 | D:3      | 2516 ||| FLEEEEING.
  2517 | D:3      | 2517 ||| FLEEEEING.
  2518 | D:3      | 2518 ||| FLEEEEING.
  2519 | D:3      | 2519 ||| FLEEEEING.
  2520 | D:3      | 2520 ||| FLEEEEING.
  2521 | D:3      | 2521 ||| FLEEEEING.
  2522 | D:3      | 2522 ||| FLEEEEING.
  2523 | D:3      | 2523 ||| FLEEEEING.
  2524 | D:3      | 2524 ||| FLEEEEING.
  2525 | D:3      | 2525 ||| FLEEEEING.
  2526 | D:3      | 2526 ||| FLEEEEING.
  2527 | D:3      | 2527 ||| FLEEEEING.
  2528 | D:3      | 2528 ||| FLEEEEING.
  2529 | D:3      | 2529 ||| FLEEEEING.
  2530 | D:3      | 2530 ||| FLEEEEING.
  2531 | D:3      | 2531 ||| FLEEEEING.
  2532 | D:3      | 2532 ||| FLEEEEING.
  2533 | D:3      | 2533 ||| FLEEEEING.
  2534 | D:3      | 2534 ||| FLEEEEING.
  2535 | D:3      | 2535 ||| FLEEEEING.
  2536 | D:3      | 2536 ||| FLEEEEING.
  2537 | D:3      | 2537 ||| FLEEEEING.
  2538 | D:3      | 2538 ||| FLEEEEING.
  2539 | D:3      | 2539 ||| FLEEEEING.
  2540 | D:3      | 2540 ||| FLEEEEING.
  2541 | D:3      | 2541 ||| FLEEEEING.
  2542 | D:3      | 2542 ||| FLEEEEING.
  2543 | D:3      | 2543 ||| FLEEEEING.
  2544 | D:3      | 2544 ||| FLEEEEING.
  2545 | D:3      | 2545 ||| FLEEEEING.
  2546 | D:3      | 2546 ||| FLEEEEING.
  2547 | D:3      | 2547 ||| FLEEEEING.
  2548 | D:3      | 2548 ||| FLEEEEING.
  2549 | D:3      | 2549 ||| FLEEEEING.
  2550 | D:3      | 2550 ||| FLEEEEING.
  2551 | D:3      | 2551 ||| STAIRDANCE
  2574 | D:2      | 2574 ||| UPGRADING to +0 plate armour.
  2584 | D:2      | 2584 ||| DROPPING +0 scale mail.
  2589 | D:3      | 2589 ||| STAIRDANCE
  2599 | D:3      | Killed Jessica
  2600 | D:3      | Reached skill level 4 in Axes
  2746 | D:3      | 2746 ||| Stepping ~*~*~tactically~*~*~ (stealth).
  2755 | D:3      | 2755 ||| Stepping ~*~*~tactically~*~*~ (stealth).
  2756 | D:3      | Noticed Robin
  2766 | D:3      | Killed Robin
  2767 | D:3      | Reached XP level 5. HP: 11/32 MP: 5/5
  3014 | D:3      | 3014 ||| Stepping ~*~*~tactically~*~*~ (stealth).
  3372 | D:3      | Noticed Grinder
  3380 | D:3      | Paralysed by Grinder for 4 turns
  3392 | D:3      | Killed Grinder
  3393 | D:3      | Reached skill level 3 in Throwing
  3393 | D:3      | Reached XP level 6. HP: 11/37 MP: 6/6
  3659 | D:3      | Found a broken altar of Ashenzari.
  3702 | D:3      | 3702 ||| UPGRADING to +0 helmet.
  3707 | D:3      | 3707 ||| READING scroll labelled REWOTY CIHUF.
  3708 | D:3      | 3708 ||| READING 3 scrolls of identify.
  3708 | D:3      | 3708 ||| IDENTIFYING murky sapphire potion
  3709 | D:3      | 3709 ||| READING 2 scrolls of identify.
  3709 | D:3      | 3709 ||| IDENTIFYING viscous emerald potion
  3710 | D:3      | 3710 ||| DROPPING potion of invisibility.
  3749 | D:4      | 3749 ||| Stepping ~*~*~tactically~*~*~ (stealth).
  3754 | D:4      | 3754 ||| STAIRDANCE
  3759 | D:4      | 3759 ||| STAIRDANCE
  3858 | D:4      | 3858 ||| Stepping ~*~*~tactically~*~*~ (stealth).
  3860 | D:4      | 3860 ||| Stepping ~*~*~tactically~*~*~ (stealth).
  3888 | D:4      | Reached skill level 5 in Axes
  3897 | D:4      | 3897 ||| Stepping ~*~*~tactically~*~*~ (stealth).
  3900 | D:4      | 3900 ||| Stepping ~*~*~tactically~*~*~ (stealth).
  3901 | D:4      | 3901 ||| Stepping ~*~*~tactically~*~*~ (stealth).
  3905 | D:4      | 3905 ||| Stepping ~*~*~tactically~*~*~ (stealth).
  3907 | D:4      | 3907 ||| Stepping ~*~*~tactically~*~*~ (stealth).
  3922 | D:4      | Reached XP level 7. HP: 33/41 MP: 7/7
  3999 | D:4      | Noticed Menkaure
  4000 | D:4      | 4000 ||| Stepping ~*~*~tactically~*~*~ (hiding).
  4008 | D:4      | Killed Menkaure
  4265 | D:4      | 4265 ||| Stepping ~*~*~tactically~*~*~ (hiding).
  4268 | D:4      | 4268 ||| Stepping ~*~*~tactically~*~*~ (hiding).
  4287 | D:4      | HP: 8/44 [gnoll/+0 flail[a gnoll bouda] (7)]
  4288 | D:4      | 4288 ||| READING 2 scrolls of teleportation.
  4433 | D:4      | Noticed Ijyb
  4434 | D:4      | 4434 ||| Stepping ~*~*~tactically~*~*~ (stealth).
  4445 | D:4      | Killed Ijyb
  4684 | D:4      | 4684 ||| DROPPING +0 whip.
  4821 | D:4      | 4821 ||| Stepping ~*~*~tactically~*~*~ (stealth).
  4824 | D:4      | Reached skill level 6 in Axes
  4848 | D:4      | 4848 ||| Stepping ~*~*~tactically~*~*~ (stealth).
  4854 | D:4      | Noticed Blork the orc
  4855 | D:4      | 4855 ||| Stepping ~*~*~tactically~*~*~ (hiding).
  4857 | D:4      | 4857 ||| Stepping ~*~*~tactically~*~*~ (hiding).
  4864 | D:4      | Killed Blork the orc
  4865 | D:4      | Reached XP level 8. HP: 45/48 MP: 8/8
  4925 | D:4      | 4925 ||| Stepping ~*~*~tactically~*~*~ (stealth).
  4978 | D:4      | 4978 ||| READING 2 scrolls of identify.
  4978 | D:4      | 4978 ||| IDENTIFYING orange potion
  4979 | D:4      | 4979 ||| DRINKING potion of experience.
  4979 | D:4      | Reached skill level 12 in Axes
  4979 | D:4      | Reached XP level 9. HP: 52/52 MP: 9/9
  5001 | D:5      | Entered Level 5 of the Dungeon
  5016 | D:5      | 5016 ||| STAIRDANCE
  5134 | D:5      | 5134 ||| Stepping ~*~*~tactically~*~*~ (stealth).
  5139 | D:5      | 5139 ||| Stepping ~*~*~tactically~*~*~ (stealth).
  5167 | D:5      | 5167 ||| DRINKING potion of curing.
  5167 | D:5      | 5167 ||| (to cure confusion)
  5174 | D:5      | 5174 ||| Stepping ~*~*~tactically~*~*~ (stealth).
  5224 | D:5      | 5224 ||| Stepping ~*~*~tactically~*~*~ (stealth).
  5225 | D:5      | 5225 ||| Stepping ~*~*~tactically~*~*~ (stealth).
  5285 | D:5      | Found a stormy altar of Qazlal.
  5287 | D:5      | Found a shadowy altar of Dithmenos.
  5287 | D:5      | Found a sparkling altar of Nemelex Xobeh.
  5359 | D:5      | Reached skill level 1 in Dodging
  5382 | D:5      | 5382 ||| Stepping ~*~*~tactically~*~*~ (hiding).
  5745 | D:5      | 5745 ||| Stepping ~*~*~tactically~*~*~ (stealth).
  5761 | D:5      | 5761 ||| Stepping ~*~*~tactically~*~*~ (hiding).
  5762 | D:5      | 5762 ||| Stepping ~*~*~tactically~*~*~ (hiding).
  5805 | D:5      | 5805 ||| DROPPING +0 flail.
  5918 | D:5      | 5918 ||| Stepping ~*~*~tactically~*~*~ (stealth).
  6055 | D:5      | 6055 ||| UPGRADING to ring of positive energy.
  6056 | D:5      | 6056 ||| READING scroll labelled LOXUTAI JECW.
  6057 | D:5      | 6057 ||| READING scroll labelled ZOOTHEUHER.
  6058 | D:5      | 6058 ||| DRINKING 2 amethyst potions.
  6059 | D:5      | 6059 ||| READING 2 scrolls of identify.
  6059 | D:5      | 6059 ||| IDENTIFYING inky potion
  6060 | D:5      | 6060 ||| DROPPING potion of brilliance.
  6174 | D:6      | 6174 ||| Stepping ~*~*~tactically~*~*~ (hiding).
  6192 | D:6      | 6192 ||| Stepping ~*~*~tactically~*~*~ (stealth).
  6286 | D:6      | HP: 11/55 [steam dragon (3)]
  6287 | D:6      | 6287 ||| READING scroll of teleportation.
  6287 | D:6      | HP: 4/55 [steam dragon] (7)]
  6291 | D:6      | Reached skill level 6 in Fighting
  6467 | D:6      | HP: 9/55 [centaur/arrow (7)]
  7052 | D:6      | 7052 ||| READING scroll labelled JEHOEV WODIYKH.
  7053 | D:6      | 7053 ||| DRINKING 2 smoky green potions.
  7054 | D:6      | 7054 ||| READING 3 scrolls of identify.
  7054 | D:6      | 7054 ||| IDENTIFYING blue potion
  7055 | D:6      | 7055 ||| DROPPING potion of degeneration.
  7056 | D:6      | 7056 ||| DROPPING potion of magic.
  7114 | D:7      | 7114 ||| Stepping ~*~*~tactically~*~*~ (stealth).
  7117 | D:7      | 7117 ||| Stepping ~*~*~tactically~*~*~ (stealth).
  7126 | D:7      | 7126 ||| FLEEEEING.
  7131 | D:7      | 7131 ||| DRINKING potion of curing.
  7131 | D:7      | 7131 ||| (to cure confusion)
  7191 | D:7      | HP: 6/55 [acid dragon/splash of acid (15)]
  7194 | D:7      | Killed from afar by an acid dragon

Levels and vault maps discovered:
D:1:      psy_arrival_fountain, layout_rooms,
          shapermc_ecumenical_altar_starsandcircs
D:2:      layout_basic, hex_medium, grunt_ministairs_7, minmay_puff
D:3:      layout_basic, marbit_many_paths, uniq_grinder, uniq_robin,
          uniq_jessica
D:4:      layout_cave_pools, nicolae_eternal_life, uniq_ijyb,
          uniq_blork_the_orc, uniq_menkaure
D:5:      nicolae_BIG_FREAKIN_CUBE, layout_basic, grunt_temple_overflow_diamond,
          hangedman_decor_clover_reticule, minmay_misc_feat_diagonals
D:6:      layout_basic
D:7:      layout_loops_ring, minmay_temple_entry_butterflies,
          minmay_the_grid_2x2 [minmay_the_grid_fan,
          minmay_the_grid_outer_diamond, minmay_the_grid_minigrid_large,
          minmay_the_grid_prize_shrinking_boxes], uniq_crazy_yiuf_cottage

Skill      XL: |  1  2  3  4  5  6  7  8  9 |
---------------+----------------------------+-----
Axes           | 2 3 4 5 6 12 | 12.9
Throwing       | 3 |  3.5
Fighting       | 4 6 |  6.0
Armour         | 4 5 |  5.1
Dodging        | 1 |  1.0
Shields        | |  3.7

Action                   |  1- 3 |  4- 6 |  7- 9 || total
-------------------------+-------+-------+-------++-------
Melee: War axe           |   106 |   104 |   208 ||   418
Throw: Javelin           |       |    16 |     4 ||    20
  Use: Scroll            |     7 |     4 |     8 ||    19
       Potion            |     2 |       |     5 ||     7
Armor: Scale mail        |    71 |    10 |       ||    81
       Plate armour      |       |    59 |   155 ||   214
Dodge: Dodged            |    42 |    31 |    43 ||   116
Block: Buckler           |    20 |    21 |    38 ||    79

Table legend:
 A = Non-vault XP
 B = Vault XP
 C = Vault XP percentage of total XP
 D = Non-vault monster count
 E = Vault monster count
 F = Vault count percentage of total count
                 A         B        C        D         E       F
            +---------+---------+-------+---------+---------+-------
      Total |    1837 |     670 |  26.7 |     117 |      23 |  16.4
            +---------+---------+-------+---------+---------+-------
        D:1 |      35 |       0 |   0.0 |      20 |       0 |   0.0
        D:2 |      42 |       8 |  16.0 |      12 |       5 |  29.4
        D:3 |      41 |     358 |  89.7 |      18 |      15 |  45.5
        D:4 |     444 |     304 |  40.6 |      29 |       3 |   9.4
        D:5 |     543 |       0 |   0.0 |      20 |       0 |   0.0
        D:6 |     619 |       0 |   0.0 |      12 |       0 |   0.0
        D:7 |     113 |       0 |   0.0 |       6 |       0 |   0.0
            +---------+---------+-------+---------+---------+-------
